Kings vs Avalanche (R2)

Created - 25 avril 2014 at 19:06

Goals
1 2 3 T
Kings 2 0 0 2
Avalanche 1 3 1 5
Shots
1 2 3 T
Kings 9 7 7 23
Avalanche 11 18 10 39

1st period

1. Kings , Anze Kopitar 8 (Derek Boogaard, Adrian Aucoin) at 12:59
2. Avalanche , Jason Pominville 5 (Mike Comrie, Ryan Smyth) at 13:29
3. Kings , Anze Kopitar 9 (Sergei Gonchar) at 18:55 (PP)

Penalties :
Keith Tkachuk (LAK) for Holding (Minor) at 2:10, Drew Doughty (Col) for Hooking (Minor) at 18:37, Keith Tkachuk (LAK) for Interference (Minor) at 19:29

2nd period

4. Avalanche , Rostislav Olesz 1 (Jack Johnson, Marc Staal) at 0:32 (PP)
5. Avalanche , Oleg Kvasha 4 (Corey Perry, Rostislav Olesz) at 1:07
6. Avalanche , Rostislav Olesz 2 (Oleg Kvasha, Corey Perry) at 2:59

Penalties :
Corey Perry (Col) for Interference (Minor) at 4:04, Martin Sonnenberg (LAK) for Roughing (Minor) at 15:45, Maxim Talbot (Col) for Hooking (Minor) at 19:52

3rd period

7. Avalanche , Corey Perry 4 (Rostislav Olesz, Oleg Kvasha) at 11:10

Penalties :
Corey Perry (Col) for High sticking (Minor) at 4:15, Mike Cammalleri (LAK) for Roughing (Minor) at 18:40

Goalie Stats

Michal Neuvirth (LAK), 13 saves from 17 shots - (0,765), L, 0-1-0, 22:59 minutes
Tyler Weiman (LAK), 21 saves from 22 shots - (0,955), 37:01 minutes
Marty Turco (Col), 21 saves from 23 shots - (0,913), W, 5-0-1, 60:00 minutes

Players Stats for Kings

Player Name              G  A  P  +/- PIM S  H  SB GA TA FO     MP     PP MP  PK MP  
------------------------------------------------------------------------------------
Adrian Aucoin            0  1  1  -1  0   1  1  1  0  1  0/0    20:48   2:12   0:00 
Antti Miettinen          0  0  0   0  0   0  2  0  0  0  0/0    13:07   0:00   4:05 
Anze Kopitar             2  0  2  -1  0   5  2  0  2  0  16/36  20:12   3:53   0:40 
Boyd Devereaux           0  0  0  -1  0   3  1  2  2  0  10/16  17:47   0:00   4:05 
Derek Boogaard           0  1  1  -1  0   0  2  0  0  0  0/1    18:45   2:22   0:40 
Henrik Zetterberg        0  0  0   0  0   1  1  0  1  0  0/0    11:31   3:53   0:00 
Johnny Oduya             0  0  0  -1  0   1  3  1  1  1  0/0    28:41   4:03   4:30 
Keith Tkachuk            0  0  0  -1  4   2  1  1  0  0  0/0    13:47   0:00   0:00 
Kevin Klein              0  0  0   0  0   0  0  1  0  1  0/0    15:16   0:00   1:50 
Ladislav Smid            0  0  0   0  0   0  0  1  0  1  0/0    12:17   0:00   1:50 
Martin Sonnenberg        0  0  0  -1  2   0  0  0  0  0  0/0    10:24   0:00   0:00 
Mike Cammalleri          0  0  0   0  2   2  1  0  0  0  2/2    12:04   2:22   0:00 
Pascal Dupuis            0  0  0  -1  0   2  0  0  0  0  0/0    11:57   0:00   1:35 
Patric Hornqvist         0  0  0  -1  0   2  2  0  0  0  0/0    12:43   2:22   0:00 
Patrick Kane             0  0  0  -1  0   2  0  0  0  0  0/2    19:22   3:53   0:00 
Randy Robitaille         0  0  0  -1  0   1  1  0  1  0  1/1    11:57   0:00   1:35 
Sean Zimmerman           0  0  0  -2  0   0  1  0  0  1  0/0    22:46   2:12   4:30 
Sergei Gonchar           0  1  1  -2  0   1  0  0  3  1  0/0    20:12   4:03   0:00 

Players Stats for Avalanche

Player Name              G  A  P  +/- PIM S  H  SB GA TA FO     MP     PP MP  PK MP  
------------------------------------------------------------------------------------
Andrew Ladd              0  0  0   0  0   0  6  0  0  0  0/0     9:59   0:00   0:45 
Brian Campbell           0  0  0   0  0   1  2  0  0  1  0/0    20:44   2:13   2:52 
Bryan Little             0  0  0   0  0   5  3  0  0  0  2/2     9:07   0:00   0:43 
Chuck Kobasew            0  0  0   0  0   1  2  0  0  0  0/0     8:24   0:00   0:00 
Corey Perry              1  2  3   3  4   7  2  0  0  1  1/3    18:05   2:58   0:34 
Daniel Cleary            0  0  0   0  0   0  1  0  0  0  0/0     8:24   0:00   0:00 
Dave Tanabe              0  0  0   0  0   2  1  0  0  1  0/0    20:59   4:07   3:23 
Drew Doughty             0  0  0   3  2   1  0  0  1  1  0/0    18:16   0:00   0:00 
Jack Johnson             0  1  1   3  0   2  1  0  0  1  0/0    23:14   2:13   2:52 
Jason Pominville         1  0  1   0  0   4  1  2  1  1  1/2    22:41   3:22   3:41 
Jeff Taffe               0  0  0   0  0   1  0  0  0  0  0/0    10:31   0:00   1:17 
Marc Staal               0  1  1   0  0   1  1  0  0  1  0/0    23:13   4:07   3:23 
Maxim Talbot             0  0  0   0  2   0  0  0  0  1  1/3     8:48   0:00   0:00 
Mike Comrie              0  1  1   0  0   3  1  1  1  0  15/31  20:48   3:22   1:49 
Oleg Kvasha              1  2  3   3  0   3  0  0  0  1  6/9    17:07   2:58   0:00 
Rostislav Olesz          2  2  4   3  0   6  0  0  2  0  0/0    17:07   2:58   0:00 
Ryan Smyth               0  1  1   0  0   2  0  1  1  1  3/8    22:41   3:22   3:41 
Shane O'Brien            0  0  0   0  0   0  1  2  0  0  0/0    13:33   0:00   0:00 

3 Stars

1 - Rostislav Olesz (Col)
2 - Oleg Kvasha (Col)
3 - Corey Perry (Col)

Power Play

Kings - 1 on 4 Attempt(s) - 25,00%
Avalanche - 1 on 4 Attempt(s) - 25,00%

Penalty Kill

Kings - 3 on 4 Attempt(s) - 75,00% - Score 0 goal in Penalty Kill
Avalanche - 3 on 4 Attempt(s) - 75,00% - Score 0 goal in Penalty Kill

Official

Referees : Peel Tim and Banfield David
Linesman : Derek Amell and Vaughan Rody

Game Notes

Tyler Weiman enters game at 2:59 of 2nd period
Patric Hornqvist is injured at 8:36 of 3rd period (Lower Body)

Finance

Level 1 -- Attendance: 6000 (100,00%) -- Ticket Income 504 000 $
Level 2 -- Attendance: 5000 (100,00%) -- Ticket Income 250 000 $
Level 3 -- Attendance: 2000 (100,00%) -- Ticket Income 56 000 $
Level 4 -- Attendance: 4000 (100,00%) -- Ticket Income 72 000 $
Luxury Box -- Attendance: 1000 (100,00%) -- Ticket Income 167 000 $
Game was played at the Pepsi Center
Total Attendance: 18000 (100,00%)
Total Ticket Income: 1 049 000 $
Other Income: 157 350 $
Total Income: 1 206 350 $

Kings

5 vs 5 Forward 
   Center                   Left Wing                Right Wing               Time % Phy DF OF 
 1 Anze Kopitar             Derek Boogaard           Patrick Kane             40     1   2  2  
 2 Boyd Devereaux           Keith Tkachuk            Patric Hornqvist         30     1   2  2  
 3 Mike Cammalleri          Henrik Zetterberg        Antti Miettinen          20     1   2  2  
 4 Randy Robitaille         Martin Sonnenberg        Pascal Dupuis            10     1   2  2  

5 vs 5 Defense 
   Defense                  Defense                                           Time % Phy DF OF 
 1 Adrian Aucoin            Johnny Oduya                                      40     1   2  2  
 2 Sergei Gonchar           Sean Zimmerman                                    30     1   2  2  
 3 Kevin Klein              Ladislav Smid                                     20     1   2  2  
 4 Johnny Oduya             Kevin Klein                                       10     1   2  2  

PowerPlay Forward 
   Center                   Left Wing                Right Wing               Time % Phy DF OF 
 1 Anze Kopitar             Henrik Zetterberg        Patrick Kane             60     1   2  2  
 2 Mike Cammalleri          Derek Boogaard           Patric Hornqvist         40     1   2  2  

PowerPlay Defense
   Defense                  Defense                                           Time % Phy DF OF 
 1 Sergei Gonchar           Johnny Oduya                                      60     1   2  2  
 2 Sean Zimmerman           Adrian Aucoin                                     40     1   2  2  

Penalty Kill 4 Players Forward 
   Center                   Wing                     Time % Phy DF OF 
 1 Boyd Devereaux           Antti Miettinen          60     1   2  2  
 2 Randy Robitaille         Pascal Dupuis            40     1   2  2  

Penalty Kill 4 Players Defense
   Defense                  Defense                  Time % Phy DF OF 
 1 Johnny Oduya             Sean Zimmerman           60     1   2  2  
 2 Ladislav Smid            Kevin Klein              40     1   2  2  

Penalty Kill - 3 Players Forward 
   Forward                                           Time % Phy DF OF 
 1 Boyd Devereaux                                    60     1   2  2  
 2 Anze Kopitar                                      40     1   2  2  

Penalty Kill - 3 Players Defense
   Defense                  Defense                  Time % Phy DF OF 
 1 Johnny Oduya             Kevin Klein              60     1   2  2  
 2 Ladislav Smid            Sean Zimmerman           40     1   2  2  

4 vs 4 Forward 
   Center                   Wing                     Time % Phy DF OF 
 1 Anze Kopitar             Patrick Kane             60     1   2  2  
 2 Henrik Zetterberg        Mike Cammalleri          40     1   2  2  

4 vs 4 Defense
   Defense                  Defense                  Time % Phy DF OF 
 1 Johnny Oduya             Adrian Aucoin            60     1   2  2  
 2 Sergei Gonchar           Sean Zimmerman           40     1   2  2  

Last Minutes Offensive
   Center                   Left Wing                Right Wing               Defense                  Defense                  
   Anze Kopitar             Henrik Zetterberg        Patrick Kane             Sergei Gonchar           Johnny Oduya             

Last Minutes Defensive
   Center                   Left Wing                Right Wing               Defense                  Defense                  
   Boyd Devereaux           Derek Boogaard           Antti Miettinen          Johnny Oduya             Sean Zimmerman           

Goaltenders
Starting : Michal Neuvirth          
Backup : Tyler Weiman             

Extra Forwards
Normal : Mike Cammalleri, Antti Miettinen, Henrik Zetterberg - PP : Antti Miettinen, Keith Tkachuk - PK : Anze Kopitar
Extra Defensemen
Normal : Johnny Oduya, Sergei Gonchar, Sean Zimmerman - PP : Sean Zimmerman - PK : Sergei Gonchar, Adrian Aucoin
Penalty Shots
Anze Kopitar, Mike Cammalleri, Patrick Kane, Henrik Zetterberg, Patric Hornqvist

Avalanche

5 vs 5 Forward 
   Center                   Left Wing                Right Wing               Time % Phy DF OF 
 1 Mike Comrie              Ryan Smyth               Jason Pominville         40     1   2  2  
 2 Oleg Kvasha              Rostislav Olesz          Corey Perry              30     1   2  2  
 3 Maxim Talbot             Andrew Ladd              Chuck Kobasew            15     1   2  2  
 4 Bryan Little             Jeff Taffe               Daniel Cleary            15     1   2  2  

5 vs 5 Defense 
   Defense                  Defense                                           Time % Phy DF OF 
 1 Drew Doughty             Jack Johnson                                      40     1   2  2  
 2 Brian Campbell           Marc Staal                                        35     1   2  2  
 3 Shane O'Brien            Dave Tanabe                                       25     1   2  2  
 4 Marc Staal               Dave Tanabe                                       0      1   2  2  

PowerPlay Forward 
   Center                   Left Wing                Right Wing               Time % Phy DF OF 
 1 Mike Comrie              Ryan Smyth               Jason Pominville         60     1   2  2  
 2 Oleg Kvasha              Rostislav Olesz          Corey Perry              40     1   2  2  

PowerPlay Defense
   Defense                  Defense                                           Time % Phy DF OF 
 1 Marc Staal               Dave Tanabe                                       60     1   2  2  
 2 Brian Campbell           Jack Johnson                                      40     1   2  2  

Penalty Kill 4 Players Forward 
   Center                   Wing                     Time % Phy DF OF 
 1 Ryan Smyth               Jason Pominville         60     1   2  2  
 2 Corey Perry              Mike Comrie              40     1   2  2  

Penalty Kill 4 Players Defense
   Defense                  Defense                  Time % Phy DF OF 
 1 Marc Staal               Dave Tanabe              60     1   2  2  
 2 Brian Campbell           Jack Johnson             40     1   2  2  

Penalty Kill - 3 Players Forward 
   Forward                                           Time % Phy DF OF 
 1 Ryan Smyth                                        60     1   2  2  
 2 Jason Pominville                                  40     1   2  2  

Penalty Kill - 3 Players Defense
   Defense                  Defense                  Time % Phy DF OF 
 1 Marc Staal               Dave Tanabe              60     1   2  2  
 2 Brian Campbell           Jack Johnson             40     1   2  2  

4 vs 4 Forward 
   Center                   Wing                     Time % Phy DF OF 
 1 Ryan Smyth               Jason Pominville         60     1   2  2  
 2 Corey Perry              Mike Comrie              40     1   2  2  

4 vs 4 Defense
   Defense                  Defense                  Time % Phy DF OF 
 1 Marc Staal               Dave Tanabe              60     1   2  2  
 2 Brian Campbell           Jack Johnson             40     1   2  2  

Last Minutes Offensive
   Center                   Left Wing                Right Wing               Defense                  Defense                  
   Mike Comrie              Ryan Smyth               Jason Pominville         Marc Staal               Dave Tanabe              

Last Minutes Defensive
   Center                   Left Wing                Right Wing               Defense                  Defense                  
   Mike Comrie              Ryan Smyth               Jason Pominville         Marc Staal               Dave Tanabe              

Goaltenders
Starting : Marty Turco              
Backup : Patrick Lalime           

Extra Forwards
Normal : Chuck Kobasew, Daniel Cleary, Jeff Taffe - PP : Chuck Kobasew, Daniel Cleary - PK : Jeff Taffe
Extra Defensemen
Normal : Shane O'Brien, Drew Doughty, Brian Campbell - PP : Shane O'Brien - PK : Drew Doughty, Brian Campbell
Penalty Shots
Ryan Smyth, Jason Pominville, Corey Perry, Mike Comrie, Oleg Kvasha

% Time on Ice - Kings

Lines # - Real PCT - Wanted PCT - Time Play
Normal Forward
1 - 33% - 40% - 15:39
2 - 29% - 30% - 13:42
3 - 16% - 20% - 7:42
4 - 22% - 10% - 10:22
Normal Defense
1 - 36% - 40% - 17:09
2 - 36% - 30% - 17:00
3 - 22% - 20% - 10:17
4 - 6% - 10% - 2:59
PP Forward
1 - 62% - 60% - 3:53
2 - 38% - 40% - 2:22
PP Defense
1 - 65% - 60% - 4:03
2 - 35% - 40% - 2:12
PK Forward
1 - 75% - 60% - 4:45
2 - 25% - 40% - 1:35
PK Defense
1 - 71% - 60% - 4:30
2 - 29% - 40% - 1:50
PK3 Forward
1 - 0% - 60%
2 - 0% - 40%
PK3 Defense
1 - 0% - 60%
2 - 0% - 40%
44 Forward
1 - 0% - 60%
2 - 0% - 40%
44 Defense
1 - 0% - 60%
2 - 0% - 40%
Last Minute Offensive  - 0:00
Last Minute Defensive  - 0:00
Total
Forward - 60:00
Defense - 60:00

% Time on Ice - Avalanche

Lines # - Real PCT - Wanted PCT - Time Play
Normal Forward
1 - 35% - 40% - 16:28
2 - 30% - 30% - 14:09
3 - 18% - 15% - 8:24
4 - 18% - 15% - 8:24
Normal Defense
1 - 38% - 40% - 17:49
2 - 33% - 35% - 15:39
3 - 25% - 25% - 12:05
4 - 4% - 0% - 1:52
PP Forward
1 - 53% - 60% - 3:22
2 - 47% - 40% - 2:58
PP Defense
1 - 65% - 60% - 4:07
2 - 35% - 40% - 2:13
PK Forward
1 - 71% - 60% - 4:26
2 - 29% - 40% - 1:49
PK Defense
1 - 54% - 60% - 3:23
2 - 46% - 40% - 2:52
PK3 Forward
1 - 0% - 60%
2 - 0% - 40%
PK3 Defense
1 - 0% - 60%
2 - 0% - 40%
44 Forward
1 - 0% - 60%
2 - 0% - 40%
44 Defense
1 - 0% - 60%
2 - 0% - 40%
Last Minute Offensive  - 0:00
Last Minute Defensive  - 0:00
Total
Forward - 60:00
Defense - 60:00

Play by Play

1st period


0:01 of 1st period - Anze Kopitar wins face-off versus Jason Pominville in neutral zone.
0:23 of 1st period - Icing by Johnny Oduya.
0:24 of 1st period - Oleg Kvasha wins face-off versus Boyd Devereaux in Kings zone.
0:49 of 1st period - Sean Zimmerman is hit by Andrew Ladd and loses puck.
1:15 of 1st period - Martin Sonnenberg is hit by Bryan Little and loses puck.
1:41 of 1st period - Wrist shot by Patrick Kane.
1:41 of 1st period - Shot Misses the Net.
2:10 of 1st period - Minor Penalty to Keith Tkachuk for Holding.
2:11 of 1st period - Boyd Devereaux wins face-off versus Mike Comrie in Kings zone.
3:43 of 1st period - Mike Comrie is hit by Randy Robitaille and loses puck.
4:10 of 1st period - Penalty to Keith Tkachuk is over, Keith Tkachuk is back on ice.
4:24 of 1st period - Slapshot by Chuck Kobasew.
4:24 of 1st period - Stopped by Michal Neuvirth without a rebound.
4:25 of 1st period - Bryan Little wins face-off versus Anze Kopitar in Kings zone.
4:36 of 1st period - Snap shot by Bryan Little.
4:36 of 1st period - Stopped by Michal Neuvirth with a rebound.
4:52 of 1st period - Martin Sonnenberg is hit by Chuck Kobasew and loses puck.
5:37 of 1st period - Snap shot by Mike Comrie.
5:37 of 1st period - Stopped by Michal Neuvirth with a rebound.
5:43 of 1st period - Ryan Smyth is hit by Patric Hornqvist.
6:00 of 1st period - Wrist shot by Ryan Smyth.
6:00 of 1st period - Shot Misses the Net.
6:02 of 1st period - Snap shot by Mike Comrie.
6:02 of 1st period - Stopped by Michal Neuvirth without a rebound.
6:03 of 1st period - Anze Kopitar wins face-off versus Corey Perry in Kings zone.
6:08 of 1st period - Dave Tanabe is hit by Anze Kopitar and loses puck.
6:38 of 1st period - Snap shot by Jeff Taffe.
6:38 of 1st period - Stopped by Michal Neuvirth with a rebound.
7:21 of 1st period - Slapshot by Boyd Devereaux.
7:21 of 1st period - Stopped by Marty Turco without a rebound.
7:22 of 1st period - Anze Kopitar wins face-off versus Oleg Kvasha in Avalanche zone.
7:47 of 1st period - Dave Tanabe is hit by Antti Miettinen and loses puck.
8:00 of 1st period - Slapshot by Antti Miettinen.
8:00 of 1st period - Shot Blocked by Shane O'Brien.
8:10 of 1st period - Slapshot by Ryan Smyth.
8:10 of 1st period - Stopped by Michal Neuvirth without a rebound.
8:11 of 1st period - Boyd Devereaux wins face-off versus Mike Comrie in Kings zone.
8:20 of 1st period - Wrist shot by Ryan Smyth.
8:20 of 1st period - Shot Misses the Net.
8:36 of 1st period - Bryan Little is hit by Derek Boogaard.
9:52 of 1st period - Wrist shot by Patric Hornqvist.
9:52 of 1st period - Shot Blocked by Shane O'Brien.
10:33 of 1st period - Slapshot by Mike Cammalleri.
10:33 of 1st period - Stopped by Marty Turco without a rebound.
10:34 of 1st period - Mike Cammalleri wins face-off versus Mike Comrie in Avalanche zone.
11:46 of 1st period - Wrist shot by Daniel Cleary.
11:46 of 1st period - Shot Misses the Net.
12:08 of 1st period - Snap shot by Henrik Zetterberg.
12:08 of 1st period - Shot Blocked by Jason Pominville.
12:24 of 1st period - Snap shot by Corey Perry.
12:24 of 1st period - Deflect By Patrick Kane.
12:24 of 1st period - Shot Misses the Net.
12:24 of 1st period - Puck is out of play.
12:25 of 1st period - Oleg Kvasha wins face-off versus Anze Kopitar in Kings zone.
12:59 of 1st period - Wrist shot by Anze Kopitar.
12:59 of 1st period - Goal by Anze Kopitar - Kings : 1 - Avalanche : 0.
13:00 of 1st period - Mike Comrie wins face-off versus Boyd Devereaux in neutral zone.
13:11 of 1st period - Snap shot by Keith Tkachuk.
13:11 of 1st period - Shot Blocked by Ryan Smyth.
13:13 of 1st period - Slapshot by Boyd Devereaux.
13:13 of 1st period - Stopped by Marty Turco without a rebound.
13:14 of 1st period - Anze Kopitar wins face-off versus Ryan Smyth in Avalanche zone.
13:29 of 1st period - Snap shot by Jason Pominville.
13:29 of 1st period - Goal by Jason Pominville - Kings : 1 - Avalanche : 1.
13:30 of 1st period - Mike Comrie wins face-off versus Patrick Kane in neutral zone.
14:45 of 1st period - Slapshot by Pascal Dupuis.
14:45 of 1st period - Stopped by Marty Turco without a rebound.
14:46 of 1st period - Randy Robitaille wins face-off versus Mike Comrie in Avalanche zone.
15:16 of 1st period - Slapshot by Martin Sonnenberg.
15:16 of 1st period - Deflect By Pascal Dupuis.
15:16 of 1st period - Stopped by Marty Turco without a rebound.
15:17 of 1st period - Mike Comrie wins face-off versus Anze Kopitar in Avalanche zone.
15:46 of 1st period - Off-side.
15:47 of 1st period - Boyd Devereaux wins face-off versus Oleg Kvasha in neutral zone.
15:54 of 1st period - Snap shot by Keith Tkachuk.
15:54 of 1st period - Shot Misses the Net.
16:04 of 1st period - Snap shot by Corey Perry.
16:04 of 1st period - Stopped by Michal Neuvirth with a rebound.
16:12 of 1st period - Oleg Kvasha is hit by Adrian Aucoin and loses puck.
16:29 of 1st period - Snap shot by Rostislav Olesz.
16:29 of 1st period - Shot Hit the Post.
16:31 of 1st period - Backhand shot by Jack Johnson.
16:31 of 1st period - Deflect By Rostislav Olesz.
16:31 of 1st period - Shot Blocked by Johnny Oduya.
16:31 of 1st period - Puck is out of play.
16:32 of 1st period - Mike Comrie wins face-off versus Patrick Kane in Kings zone.
16:35 of 1st period - Wrist shot by Mike Comrie.
16:35 of 1st period - Stopped by Michal Neuvirth without a rebound.
16:36 of 1st period - Mike Comrie wins face-off versus Anze Kopitar in Kings zone.
16:37 of 1st period - Backhand shot by Jason Pominville.
16:37 of 1st period - Stopped by Michal Neuvirth without a rebound.
16:38 of 1st period - Mike Comrie wins face-off versus Anze Kopitar in Kings zone.
17:20 of 1st period - Corey Perry is hit by Boyd Devereaux and loses puck.
17:25 of 1st period - Wrist shot by Keith Tkachuk.
17:25 of 1st period - Deflect By Patric Hornqvist.
17:25 of 1st period - Stopped by Marty Turco without a rebound.
17:26 of 1st period - Mike Comrie wins face-off versus Anze Kopitar in Avalanche zone.
17:53 of 1st period - Antti Miettinen is hit by Bryan Little and loses puck.
18:02 of 1st period - Snap shot by Daniel Cleary.
18:02 of 1st period - Deflect By Mike Cammalleri.
18:02 of 1st period - Shot Misses the Net.
18:02 of 1st period - Puck is out of play.
18:03 of 1st period - Oleg Kvasha wins face-off versus Anze Kopitar in Kings zone.
18:14 of 1st period - Snap shot by Corey Perry.
18:14 of 1st period - Stopped by Michal Neuvirth without a rebound.
18:15 of 1st period - Anze Kopitar wins face-off versus Mike Comrie in Kings zone.
18:15 of 1st period - Anze Kopitar is hit by Jason Pominville.
18:31 of 1st period - Wrist shot by Adrian Aucoin.
18:31 of 1st period - Deflect By Anze Kopitar.
18:31 of 1st period - Stopped by Marty Turco with a rebound.
18:37 of 1st period - Minor Penalty to Drew Doughty for Hooking.
18:38 of 1st period - Ryan Smyth wins face-off versus Anze Kopitar in Avalanche zone.
18:55 of 1st period - Snap shot by Anze Kopitar.
18:55 of 1st period - Goal by Anze Kopitar - Kings : 2 - Avalanche : 1.
18:56 of 1st period - Anze Kopitar wins face-off versus Mike Comrie in neutral zone.
19:29 of 1st period - Minor Penalty to Keith Tkachuk for Interference.
19:30 of 1st period - Boyd Devereaux wins face-off versus Mike Comrie in Kings zone.
Goals for this period are 2 for Kings vs 1 for Avalanche.
Shots for this period are 9 for Kings vs 11 for Avalanche.

2nd period


0:01 of 2nd period - Boyd Devereaux wins face-off versus Mike Comrie in neutral zone.
0:28 of 2nd period - Wrist shot by Rostislav Olesz.
0:28 of 2nd period - Stopped by Michal Neuvirth with a rebound.
0:30 of 2nd period - Slapshot by Jack Johnson.
0:30 of 2nd period - Shot Blocked by Boyd Devereaux.
0:32 of 2nd period - Wrist shot by Rostislav Olesz.
0:32 of 2nd period - Goal by Rostislav Olesz - Kings : 2 - Avalanche : 2.
0:33 of 2nd period - Anze Kopitar wins face-off versus Mike Comrie in neutral zone.
1:05 of 2nd period - Snap shot by Corey Perry.
1:05 of 2nd period - Shot Blocked by Boyd Devereaux.
1:07 of 2nd period - Snap shot by Oleg Kvasha.
1:07 of 2nd period - Goal by Oleg Kvasha - Kings : 2 - Avalanche : 3.
1:08 of 2nd period - Mike Comrie wins face-off versus Anze Kopitar in neutral zone.
1:15 of 2nd period - Mike Comrie is hit by Anze Kopitar and loses puck.
1:34 of 2nd period - Dave Tanabe is hit by Johnny Oduya and loses puck.
2:01 of 2nd period - Snap shot by Mike Cammalleri.
2:01 of 2nd period - Stopped by Marty Turco without a rebound.
2:02 of 2nd period - Anze Kopitar wins face-off versus Mike Comrie in Avalanche zone.
2:03 of 2nd period - Snap shot by Patrick Kane.
2:03 of 2nd period - Stopped by Marty Turco without a rebound.
2:04 of 2nd period - Mike Comrie wins face-off versus Anze Kopitar in Avalanche zone.
2:53 of 2nd period - Snap shot by Corey Perry.
2:53 of 2nd period - Stopped by Michal Neuvirth with a rebound.
2:55 of 2nd period - Slapshot by Corey Perry.
2:55 of 2nd period - Stopped by Michal Neuvirth with a rebound.
2:57 of 2nd period - Slapshot by Oleg Kvasha.
2:57 of 2nd period - Shot Misses the Net.
2:59 of 2nd period - Slapshot by Rostislav Olesz.
2:59 of 2nd period - Goal by Rostislav Olesz - Kings : 2 - Avalanche : 4.
2:59 of 2nd period - Tyler Weiman enters game.
3:00 of 2nd period - Mike Comrie wins face-off versus Boyd Devereaux in neutral zone.
3:25 of 2nd period - Adrian Aucoin is hit by Bryan Little and loses puck.
3:38 of 2nd period - Snap shot by Bryan Little.
3:38 of 2nd period - Stopped by Tyler Weiman with a rebound.
3:46 of 2nd period - Wrist shot by Patric Hornqvist.
3:46 of 2nd period - Stopped by Marty Turco without a rebound.
3:47 of 2nd period - Oleg Kvasha wins face-off versus Anze Kopitar in Avalanche zone.
3:47 of 2nd period - Oleg Kvasha is hit by Derek Boogaard.
4:04 of 2nd period - Minor Penalty to Corey Perry for Interference.
4:05 of 2nd period - Anze Kopitar wins face-off versus Ryan Smyth in Avalanche zone.
5:41 of 2nd period - Jack Johnson is hit by Patric Hornqvist.
6:04 of 2nd period - Penalty to Corey Perry is over, Corey Perry is back on ice.
8:11 of 2nd period - Mike Comrie is hit by Keith Tkachuk and loses puck.
8:50 of 2nd period - Sergei Gonchar is hit by Andrew Ladd.
9:58 of 2nd period - Snap shot by Daniel Cleary.
9:58 of 2nd period - Shot Misses the Net.
10:00 of 2nd period - Slapshot by Dave Tanabe.
10:00 of 2nd period - Stopped by Tyler Weiman with a rebound.
10:02 of 2nd period - Slapshot by Dave Tanabe.
10:02 of 2nd period - Stopped by Tyler Weiman with a rebound.
10:06 of 2nd period - Slapshot by Bryan Little.
10:06 of 2nd period - Stopped by Tyler Weiman with a rebound.
10:08 of 2nd period - Snap shot by Marc Staal.
10:08 of 2nd period - Stopped by Tyler Weiman without a rebound.
10:09 of 2nd period - Jason Pominville wins face-off versus Anze Kopitar in Kings zone.
10:36 of 2nd period - Slapshot by Sergei Gonchar.
10:36 of 2nd period - Stopped by Marty Turco with a rebound.
11:03 of 2nd period - Wrist shot by Randy Robitaille.
11:03 of 2nd period - Stopped by Marty Turco with a rebound.
11:30 of 2nd period - Kevin Klein is hit by Mike Comrie and loses puck.
11:41 of 2nd period - Henrik Zetterberg is hit by Jack Johnson and loses puck.
11:58 of 2nd period - Anze Kopitar is hit by Daniel Cleary and loses puck.
12:35 of 2nd period - Slapshot by Drew Doughty.
12:35 of 2nd period - Stopped by Tyler Weiman with a rebound.
12:47 of 2nd period - Johnny Oduya is hit by Shane O'Brien and loses puck.
13:02 of 2nd period - Snap shot by Anze Kopitar.
13:02 of 2nd period - Stopped by Marty Turco without a rebound.
13:03 of 2nd period - Corey Perry wins face-off versus Anze Kopitar in Avalanche zone.
13:38 of 2nd period - Icing by Sergei Gonchar.
13:39 of 2nd period - Oleg Kvasha wins face-off versus Boyd Devereaux in Kings zone.
13:50 of 2nd period - Wrist shot by Corey Perry.
13:50 of 2nd period - Shot Misses the Net.
13:54 of 2nd period - Slapshot by Corey Perry.
13:54 of 2nd period - Deflect By Patric Hornqvist.
13:54 of 2nd period - Stopped by Tyler Weiman without a rebound.
13:55 of 2nd period - Mike Comrie wins face-off versus Anze Kopitar in Kings zone.
14:10 of 2nd period - Wrist shot by Anze Kopitar.
14:10 of 2nd period - Stopped by Marty Turco with a rebound.
14:27 of 2nd period - Mike Comrie is hit by Mike Cammalleri and loses puck.
14:38 of 2nd period - Brian Campbell is hit by Henrik Zetterberg and loses puck.
14:49 of 2nd period - Slapshot by Brian Campbell.
14:49 of 2nd period - Stopped by Tyler Weiman with a rebound.
14:59 of 2nd period - Wrist shot by Corey Perry.
14:59 of 2nd period - Stopped by Tyler Weiman with a rebound.
15:01 of 2nd period - Wrist shot by Oleg Kvasha.
15:01 of 2nd period - Stopped by Tyler Weiman with a rebound.
15:45 of 2nd period - Minor Penalty to Martin Sonnenberg for Roughing.
15:46 of 2nd period - Boyd Devereaux wins face-off versus Mike Comrie in Kings zone.
16:11 of 2nd period - Sean Zimmerman is hit by Corey Perry and loses puck.
16:53 of 2nd period - Slapshot by Brian Campbell.
16:53 of 2nd period - Shot Blocked by Ladislav Smid.
16:55 of 2nd period - Slapshot by Jack Johnson.
16:55 of 2nd period - Stopped by Tyler Weiman without a rebound.
16:56 of 2nd period - Anze Kopitar wins face-off versus Oleg Kvasha in Kings zone.
17:09 of 2nd period - Slapshot by Rostislav Olesz.
17:09 of 2nd period - Stopped by Tyler Weiman with a rebound.
17:45 of 2nd period - Penalty to Martin Sonnenberg is over, Martin Sonnenberg is back on ice.
17:47 of 2nd period - Slapshot by Dave Tanabe.
17:47 of 2nd period - Deflect By Mike Comrie.
17:47 of 2nd period - Shot Misses the Net.
17:47 of 2nd period - Puck is out of play.
17:48 of 2nd period - Maxim Talbot wins face-off versus Anze Kopitar in Kings zone.
17:53 of 2nd period - Slapshot by Drew Doughty.
17:53 of 2nd period - Shot Misses the Net.
18:04 of 2nd period - Drew Doughty is hit by Johnny Oduya and loses puck.
18:34 of 2nd period - Off-side.
18:35 of 2nd period - Bryan Little wins face-off versus Boyd Devereaux in neutral zone.
18:42 of 2nd period - Sean Zimmerman is hit by Dave Tanabe and loses puck.
19:48 of 2nd period - Ladislav Smid is hit by Andrew Ladd and loses puck.
19:52 of 2nd period - Minor Penalty to Maxim Talbot for Hooking.
19:53 of 2nd period - Ryan Smyth wins face-off versus Anze Kopitar in Avalanche zone.
Goals for this period are 0 for Kings vs 3 for Avalanche.
Shots for this period are 7 for Kings vs 18 for Avalanche.

3rd period


0:01 of 3rd period - Anze Kopitar wins face-off versus Ryan Smyth in neutral zone.
0:04 of 3rd period - Slapshot by Johnny Oduya.
0:04 of 3rd period - Stopped by Marty Turco without a rebound.
0:05 of 3rd period - Anze Kopitar wins face-off versus Ryan Smyth in Avalanche zone.
0:08 of 3rd period - Wrist shot by Henrik Zetterberg.
0:08 of 3rd period - Stopped by Marty Turco without a rebound.
0:09 of 3rd period - Anze Kopitar wins face-off versus Ryan Smyth in Avalanche zone.
1:10 of 3rd period - Snap shot by Henrik Zetterberg.
1:10 of 3rd period - Shot Misses the Net.
1:12 of 3rd period - Wrist shot by Henrik Zetterberg.
1:12 of 3rd period - Deflect By Patrick Kane.
1:12 of 3rd period - Shot Misses the Net.
1:12 of 3rd period - Puck is out of play.
1:13 of 3rd period - Mike Cammalleri wins face-off versus Corey Perry in Avalanche zone.
1:52 of 3rd period - Penalty to Maxim Talbot is over, Maxim Talbot is back on ice.
2:40 of 3rd period - Snap shot by Boyd Devereaux.
2:40 of 3rd period - Stopped by Marty Turco with a rebound.
2:42 of 3rd period - Slapshot by Randy Robitaille.
2:42 of 3rd period - Shot Misses the Net.
3:27 of 3rd period - Jack Johnson is hit by Sean Zimmerman and loses puck.
4:15 of 3rd period - Minor Penalty to Corey Perry for High sticking.
4:16 of 3rd period - Ryan Smyth wins face-off versus Anze Kopitar in Avalanche zone.
4:55 of 3rd period - Snap shot by Derek Boogaard.
4:55 of 3rd period - Shot Misses the Net.
6:15 of 3rd period - Penalty to Corey Perry is over, Corey Perry is back on ice.
7:08 of 3rd period - Slapshot by Bryan Little.
7:08 of 3rd period - Shot Blocked by Kevin Klein.
7:10 of 3rd period - Wrist shot by Bryan Little.
7:10 of 3rd period - Stopped by Tyler Weiman with a rebound.
8:15 of 3rd period - Jeff Taffe is hit by Antti Miettinen and loses puck.
8:35 of 3rd period - Patric Hornqvist is hit by Andrew Ladd and loses puck.
8:36 of 3rd period - Patric Hornqvist from Kings is injured at 8:36 of 3rd period (Lower Body).
8:37 of 3rd period - Mike Comrie wins face-off versus Anze Kopitar in Kings zone.
8:46 of 3rd period - Snap shot by Anze Kopitar.
8:46 of 3rd period - Shot Misses the Net.
9:29 of 3rd period - Sergei Gonchar is hit by Brian Campbell and loses puck.
9:56 of 3rd period - Pascal Dupuis is hit by Corey Perry and loses puck.
10:41 of 3rd period - Sean Zimmerman is hit by Brian Campbell and loses puck.
11:02 of 3rd period - Wrist shot by Oleg Kvasha.
11:02 of 3rd period - Stopped by Tyler Weiman with a rebound.
11:04 of 3rd period - Snap shot by Rostislav Olesz.
11:04 of 3rd period - Stopped by Tyler Weiman with a rebound.
11:10 of 3rd period - Wrist shot by Corey Perry.
11:10 of 3rd period - Goal by Corey Perry - Kings : 2 - Avalanche : 5.
11:11 of 3rd period - Anze Kopitar wins face-off versus Mike Comrie in neutral zone.
11:26 of 3rd period - Slapshot by Ryan Smyth.
11:26 of 3rd period - Stopped by Tyler Weiman without a rebound.
11:27 of 3rd period - Boyd Devereaux wins face-off versus Maxim Talbot in Kings zone.
11:27 of 3rd period - Boyd Devereaux is hit by Andrew Ladd.
11:33 of 3rd period - Maxim Talbot is hit by Johnny Oduya and loses puck.
12:00 of 3rd period - Off-side.
12:01 of 3rd period - Mike Comrie wins face-off versus Anze Kopitar in neutral zone.
12:26 of 3rd period - Keith Tkachuk is hit by Chuck Kobasew and loses puck.
12:33 of 3rd period - Slapshot by Adrian Aucoin.
12:33 of 3rd period - Stopped by Marty Turco without a rebound.
12:34 of 3rd period - Boyd Devereaux wins face-off versus Mike Comrie in Avalanche zone.
12:39 of 3rd period - Slapshot by Keith Tkachuk.
12:39 of 3rd period - Stopped by Marty Turco with a rebound.
12:47 of 3rd period - Slapshot by Jason Pominville.
12:47 of 3rd period - Shot Blocked by Keith Tkachuk.
12:49 of 3rd period - Wrist shot by Ryan Smyth.
12:49 of 3rd period - Shot Misses the Net.
14:03 of 3rd period - Sean Zimmerman is hit by Marc Staal and loses puck.
15:06 of 3rd period - Adrian Aucoin is hit by Andrew Ladd and loses puck.
15:20 of 3rd period - Icing by Chuck Kobasew.
15:21 of 3rd period - Boyd Devereaux wins face-off versus Maxim Talbot in Avalanche zone.
15:26 of 3rd period - Snap shot by Keith Tkachuk.
15:26 of 3rd period - Stopped by Marty Turco without a rebound.
15:27 of 3rd period - Mike Comrie wins face-off versus Anze Kopitar in Avalanche zone.
15:36 of 3rd period - Wrist shot by Jason Pominville.
15:36 of 3rd period - Shot Blocked by Adrian Aucoin.
15:38 of 3rd period - Slapshot by Mike Comrie.
15:38 of 3rd period - Shot Misses the Net.
15:40 of 3rd period - Slapshot by Jack Johnson.
15:40 of 3rd period - Stopped by Tyler Weiman with a rebound.
16:00 of 3rd period - Slapshot by Marc Staal.
16:00 of 3rd period - Shot Misses the Net.
16:02 of 3rd period - Wrist shot by Rostislav Olesz.
16:02 of 3rd period - Stopped by Tyler Weiman with a rebound.
16:22 of 3rd period - Wrist shot by Bryan Little.
16:22 of 3rd period - Stopped by Tyler Weiman without a rebound.
16:23 of 3rd period - Mike Comrie wins face-off versus Derek Boogaard in Kings zone.
16:32 of 3rd period - Wrist shot by Jason Pominville.
16:32 of 3rd period - Stopped by Tyler Weiman with a rebound.
16:34 of 3rd period - Slapshot by Jason Pominville.
16:34 of 3rd period - Stopped by Tyler Weiman without a rebound.
16:35 of 3rd period - Anze Kopitar wins face-off versus Mike Comrie in Kings zone.
18:11 of 3rd period - Snap shot by Anze Kopitar.
18:11 of 3rd period - Shot Blocked by Mike Comrie.
18:13 of 3rd period - Snap shot by Patrick Kane.
18:13 of 3rd period - Shot Blocked by Jason Pominville.
18:15 of 3rd period - Wrist shot by Patrick Kane.
18:15 of 3rd period - Stopped by Marty Turco without a rebound.
18:16 of 3rd period - Anze Kopitar wins face-off versus Mike Comrie in Avalanche zone.
18:40 of 3rd period - Minor Penalty to Mike Cammalleri for Roughing.
18:41 of 3rd period - Boyd Devereaux wins face-off versus Mike Comrie in Kings zone.
18:58 of 3rd period - Off-side.
18:59 of 3rd period - Oleg Kvasha wins face-off versus Boyd Devereaux in neutral zone.
Goals for this period are 0 for Kings vs 1 for Avalanche.
Shots for this period are 7 for Kings vs 10 for Avalanche.


Output by the SimonT Hockey Simulator (STHS) for François Prévost -- Original Page W3C XHTML 1.0 Valid
Hockey Simulator - Hockey Simulation - Hockey Manager